 Dungeon Sprint DCSS version 0.21-a0-401-g0b6bec4 (webtiles) character file.

190 theanonym the Cudgeler (level 5, -2/55 HPs)
             Began as a Gargoyle Fighter on Oct 21, 2017.
             Slain by a hippogriff (7 damage)
             ... in the Dungeon (Sprint II: "The Violet Keep of Menkaure").
             The game lasted 00:00:42 (150 turns).

theanonym the Cudgeler (Gargoyle Fighter)            Turns: 150, Time: 00:00:42

Health: -2/55      AC: 11    Str: 25    XL:     5   Next: 69%
Magic:  5/5        EV:  8    Int:  9    God:
Gold:   243        SH: 10    Dex:  9    Spells: 4/4 levels left

rFire    . . .     SeeInvis .   a - +0 flail
rCold    . . .     Gourm    .   c - +0 shield
rNeg     + . .     Faith    .   b - +0 scale mail
rPois    ∞         Spirit   .   (no helmet)
rElec    +         Reflect  .   (no cloak)
rCorr    .         Harm     .   (no gloves)
MR       .....     NoTele   +   (no boots)
Stlth    ..........             (no amulet)
HPRegen  0.18/turn              (no ring)
MPRegen  0.09/turn              (no ring)

@: mighty, berserking, very quick
A: negative energy resistance 1, electricity resistance, unbreathing,
petrification resistance, rot immunity, AC +4
a: no special abilities


You were in the Dungeon.
You were not hungry.

You visited 1 branch You collected 243 gold pieces.

Inventory:

Hand Weapons
 a - a +0 flail (weapon)
Armour
 b - a +0 scale mail (worn)
 c - a +0 shield (worn)
Scrolls
 k - a scroll of blinking
Potions
 e - a potion of curing
 g - a potion of heal wounds
 h - a potion of haste
 i - 2 potions of magic
Comestibles
 f - a bread ration


   Skills:
 + Level 6.4 Fighting
 * Level 7.3 Maces & Flails
 + Level 6.4 Armour
 + Level 6.4 Shields


You had 4 spell levels left.
You didn't know any spells.

Dungeon Overview and Level Annotations

Branches:
Dungeon (1/1)

Altars:


Innate Abilities, Weirdness & Mutations

You are resistant to torment.
Your stone body is resilient. (AC +4)
You are immune to poison.
You resist negative energy. (rN+)
You are resistant to electric shocks. (rElec)
You can survive without breathing.
You are immune to petrification.
You are immune to rotting.


Message History

Welcome, theanonym the Gargoyle Fighter.
Found a staircase leading out of the dungeon.
Unknown command.
You open the door. 2 tyrant leeches come into view.
Found 243 gold pieces.
You close the door.
You open the door. 2 worms come into view.
Found 243 gold pieces.
You barely miss the worm. You sock the worm! You block the worm's attack.
You hit the worm. You block the worm's attack.
You hit the worm. You block the worm's attack.
Unknown command.
You hit the worm.
You kill the worm!
You hit the worm but do no damage.
Your shield and scale mail prevent you from hitting the worm.
The worm bites you.
You take 5 damage, and have 9/14 hp.
MASSIVE DAMAGE!!
You thump the worm! The worm bites you but does no damage.
You hit the worm. You block the worm's attack.
You hit the worm but do no damage. The worm barely misses you.
You hit the worm. The worm bites you.
You take 1 damage, and have 8/14 hp.
You hit the worm. You sock the worm!
You kill the worm!
Your Maces & Flails skill increases to level 3!
You have reached level 2!
You regained 4 hp, and now have 12/20 hp.
MP restored: 2
There is an open door here.
You now have 243 gold pieces.
You open the door.
You close the door.
There is an open door here.
You start resting.
Health restored: 20 You open the door. 2 hippogriffs come into view.
The hippogriff screeches!
You feel very mighty all of a sudden.
You sock the hippogriff! The hippogriff barely misses you.
You block the hippogriff's attack. The hippogriff closely misses you.
You barely miss the hippogriff. The hippogriff bites you.
The hippogriff pecks you. The hippogriff claws you.
You take 9 damage, and have 11/20 hp.
MASSIVE DAMAGE!!
You sock the hippogriff! The hippogriff closely misses you.
The hippogriff barely misses you. You block the hippogriff's attack.
The hippogriff barely misses you. You block the hippogriff's attack.
The hippogriff claws you but does no damage.
A red film seems to cover your vision as you go berserk!
You feel yourself moving faster!
You feel mighty!
The hippogriff bites you but does no damage.
You block the hippogriff's attack.
The hippogriff claws you but does no damage.
You now have 16/30 hp.
You sock the hippogriff! The hippogriff bites you.
* * * LOW HITPOINT WARNING * * *
The hippogriff pecks you but does no damage.
The hippogriff claws you but does no damage.
You take 6 damage, and have 10/30 hp.
You sock the hippogriff! You barely miss the hippogriff.
You block the hippogriff's attack. x2
The hippogriff claws you but does no damage.
You hit the hippogriff. The hippogriff barely misses you.
The hippogriff pecks you.
* * * LOW HITPOINT WARNING * * *
The hippogriff claws you.
* * * LOW HITPOINT WARNING * * *
You take 8 damage, and have 2/30 hp.
MASSIVE DAMAGE!!
You sock the hippogriff!
You kill the hippogriff!
Your Fighting skill gained 3 levels and is now at level 6!
Your Maces & Flails skill gained 4 levels and is now at level 7!
Your Armour skill gained 3 levels and is now at level 6!
Your Shields skill gained 3 levels and is now at level 6!
You have reached level 3!
Your experience leads to an increase in your attributes!
Your base attributes are Str 19, Int 8, Dex 9.
Increase (S)trength, (I)ntelligence, or (D)exterity?
You feel stronger.
You have reached level 4!
You feel clever.
You have reached level 5!
You regained 3 hp, and now have 5/55 hp.
MP restored: 5 You barely miss the hippogriff.
The hippogriff bites you!
You die...

+++# ...
#+## #.##
##..# #
#..## # ##.
#'## .#
#.w.##.##.#
#+.<@H#
#$w.##.##.#
##. #+# .#
# #


You could see a hippogriff.

Vanquished Creatures
  A hippogriff (D)
  2 worms (D)
3 creatures vanquished.

Vanquished Creatures (others)
  A crocodile (D)
1 creature vanquished.

Grand Total: 4 creatures vanquished

Notes
Turn   | Place    | Note
-------+----------+-------------------------------------------
     0 | D        | theanonym the Gargoyle Fighter began the quest for the Orb.
     0 | D        | Reached XP level 1. HP: 14/14 MP: 1/1
     1 | D        | Noticed a tyrant leech
     1 | D        | Noticed a tyrant leech
    18 | D        | Reached skill level 3 in Maces & Flails
    18 | D        | Reached XP level 2. HP: 12/20 MP: 2/2
    24 | D        | Noticed an ice statue
    79 | D        | Killed a crocodile
   139 | D        | Noticed a hippogriff
   139 | D        | Noticed a hippogriff
   148 | D        | HP: 2/30 [hippogriff (3)]
   149 | D        | Killed a hippogriff
   149 | D        | Reached skill level 6 in Fighting
   149 | D        | Reached skill level 7 in Maces & Flails
   149 | D        | Reached skill level 6 in Armour
   149 | D        | Reached skill level 6 in Shields
   149 | D        | Reached XP level 3. HP: 3/28 MP: 3/3
   149 | D        | Reached XP level 4. HP: 4/32 MP: 4/4
   149 | D        | Reached XP level 5. HP: 5/37 MP: 5/5
   150 | D        | Slain by a hippogriff

Vault maps used:
D:        the_violet_keep_of_menkaure

Skill      XL: |  1  2 |
---------------+-------+-----
Maces & Flails | 3 7 |  7.3
Fighting       | 6 |  6.4
Armour         | 6 |  6.4
Shields        | 6 |  6.4

Action                   |  1- 3 |  4- 6 || total
-------------------------+-------+-------++-------
Melee: Flail             |    21 |     1 ||    22
  Use: Potion            |     2 |       ||     2
Armor: Scale mail        |     7 |       ||     7
Dodge: Dodged            |     7 |       ||     7
Block: Shield            |    10 |       ||    10

Table legend:
 A = Spawn XP
 B = Non-spawn XP
 C = Spawn XP percentage of total XP
 D = Spawn monster count
 E = Non-spawn monster count
 F = Spawn count percentage of total count
 G = Total turns spent on level
                    A         B        C        D         E        F      G
               +---------+---------+-------+---------+---------+-------+---------
         Total |       0 |     272 |   0.0 |       0 |       3 |   0.0 |   150
               +---------+---------+-------+---------+---------+-------+---------
             D |       0 |     272 |   0.0 |       0 |       3 |   0.0 |   150
               +---------+---------+-------+---------+---------+-------+---------
